Selects Advanced Infantry Battlegroup
Selects Artillery Observers
Construct Weapon Support Center
Improved M9 Bazooka Rockets
Selects Convert to Ranger Squad
M1918 Browning Automatic Rifles
Selects Frontline Medical Station
Frontline Medical Station
Frontline Medical Station
Selects Ranger Weapon Training
Frontline Medical Station
Selects Ranger Weapon Training
Selects M2A1 105mm Howitzer Emplacement
Selects 155mm Rapid Artillery Barrage
155mm Rapid Artillery Barrage
M4(105) Sherman Bulldozer